Map: New Gettysburg LE

Players

Lacronimus - Winner!

  • Race: Protoss Protoss
  • League: Silver

A.I. 1 (Elite)

  • Race: Terran Terran

VOD

Have the link to the VOD?

Description

Time

  • Played on: Oct. 12, 2016, 1:30 a.m.
  • Length: 10:46
Show
View Real Time Build Order
Export as new Build Order

Lacronimus Protoss - Winner!

Build Orders:  

Get SALT Encoding   

  12  0:03  Probe (Chrono Boost)  
  13  0:13  Probe (Chrono Boost)  
  14  0:19  Pylon  
  14  0:24  Probe (Chrono Boost)  
  15  0:30  Assimilator  
  15  0:37  Probe (Chrono Boost)  
  16  0:55  Probe (Chrono Boost)  
  17  1:10  Nexus  
  18  1:11  Probe (Chrono Boost)  
  18  1:23  Gateway  
  18  1:25  Probe (Chrono Boost)  
  19  1:40  Probe (Chrono Boost)  
  19  1:41  Gateway  
  20  1:47  Pylon  
  20  1:50  Probe (Chrono Boost)  
  21  2:01  Assimilator  
  21  2:03  Probe (Chrono Boost)  
  22  2:13  Cybernetics Core  
  22  2:14  Probe (Chrono Boost)  
  23  2:22  Probe (Chrono Boost)  
  24  2:28  Zealot, Probe (Chrono Boost)  
  25  2:30  Zealot  
  29  2:38  Probe (Chrono Boost)  
  29  2:39  Warp Gate  
  29  2:40  Probe (Chrono Boost)  
  31  2:48  Probe (Chrono Boost)  
  33  2:52  Probe (Chrono Boost)  
  33  2:59  Probe (Chrono Boost)  
  33  3:02  Gateway  
  33  3:04  Zealot, Probe (Chrono Boost)  
  37  3:08  Zealot  
  37  3:11  Probe (Chrono Boost)  
  40  3:16  Probe (Chrono Boost)  
  41  3:21  Probe (Chrono Boost)  
  43  3:27  Twilight Council  
  43  3:28  Probe (Chrono Boost)  
  43  3:32  Probe (Chrono Boost)  
  43  3:33  Pylon  
  45  3:41  Probe (Chrono Boost)  
  45  3:42  Probe (Chrono Boost)  
  45  3:44  Pylon  
  46  3:51  Zealot x2  
  46  3:53  Probe x2 (Chrono Boost)  
  46  3:54  Zealot  
  54  4:03  Pylon  
  54  4:05  Probe (Chrono Boost)  
  54  4:06  Probe (Chrono Boost)  
  54  4:08  Pylon  
  56  4:16  Mothership Core (Chrono Boost)  
  59  4:18  Probe (Chrono Boost)  
  59  4:21  Charge  
  59  4:26  Nexus  
  59  4:30  Probe (Chrono Boost)  
  60  4:34  Probe (Chrono Boost)  
  61  4:46  Gateway, Probe (Chrono Boost)  
  61  4:47  Probe (Chrono Boost)  
  61  4:49  Zealot  
  61  4:50  Zealot  
  67  4:56  Probe (Chrono Boost)  
  67  4:59  Probe (Chrono Boost)  
  69  5:07  Robotics Facility  
  69  5:08  Dark Shrine  
  69  5:13  Probe (Chrono Boost)  
  69  5:14  Pylon  
  71  5:15  Probe (Chrono Boost)  
  71  5:16  Zealot, Pylon  
  71  5:19  Zealot  
  75  5:27  Probe (Chrono Boost)  
  75  5:28  Zealot  
  78  5:41  Gateway  
  78  5:42  Gateway  
  78  5:45  Zealot x3  
  84  5:54  Observer  
  85  5:59  Zealot  
  87  6:15  Warp Prism  
  87  6:17  Gateway, Zealot x3  
  95  6:20  Probe (Chrono Boost)  
  95  6:21  Probe (Chrono Boost)  
  95  6:24  Gateway  
  97  6:26  Dark Templar  
  100  6:33  Probe (Chrono Boost)  
  100  6:50  Zealot x3  
  106  7:07  Zealot  
  108  7:18  Pylon  
  108  7:20  Pylon  
  108  7:21  Pylon  
  108  7:24  Observer  
  108  7:26  Forge  
  109  7:46  Immortal  
  113  7:55  Zealot x3  
  113  7:56  Zealot x4  
  113  7:57  Zealot  
  119  8:23  Dark Templar  
  119  8:24  Warp Prism, Dark Templar x4  
  119  8:25  Dark Templar x3  
  62  8:57  Dark Templar  
  62  9:00  Zealot  
  62  9:01  Zealot x5  
  62  9:02  Zealot  
  56  9:22  Zealot x3  
  56  9:23  Zealot x3  
  56  9:24  Zealot  
  64  9:34  Zealot  
  62  9:52  Zealot x3  
  64  9:53  Zealot x4  
  64  9:54  Zealot  
  78  10:14  Zealot x3  
  78  10:15  Zealot x3  
  78  10:16  Nexus, Zealot  
  78  10:17  Zealot  
Show
View Real Time Build Order
Export as new Build Order

A.I. 1 (Elite) Terran 

Build Orders: MMM Bio 

Get SALT Encoding   

  12  0:00  SCV  
  13  0:13  SCV  
  14  0:20  Supply Depot  
  14  0:25  SCV  
  15  0:42  SCV  
  16  0:45  Barracks  
  16  0:54  SCV  
  17  1:06  SCV  
  19  1:18  SCV  
  19  1:20  Supply Depot  
  19  1:24  Refinery  
  19  1:30  SCV  
  20  1:33  Marine  
  21  1:42  SCV  
  22  1:51  Marine  
  22  1:53  Barracks  
  23  1:54  SCV  
  23  1:58  Refinery  
  24  2:07  Orbital Command, Supply Depot  
  24  2:09  Marine  
  25  2:27  Marine  
  26  2:32  SCV  
  27  2:39  Marine  
  28  2:44  SCV  
  28  2:48  Command Center  
  29  3:04  Factory  
  29  3:07  SCV  
  29  3:08  Marine  
  29  3:12  Marine  
  31  3:19  SCV  
  33  3:26  Marine  
  34  3:30  Marine  
  34  3:31  SCV  
  36  3:38  Barracks  
  36  3:43  SCV  
  36  3:47  Barracks Tech Lab  
  37  3:50  Barracks Tech Lab  
  37  3:52  Factory Tech Lab  
  37  3:55  SCV  
  38  4:00  SCV  
  39  4:03  Supply Depot  
  39  4:07  SCV  
  39  4:09  Marine  
  41  4:12  SCV, Marine  
  43  4:17  Stimpack  
  43  4:19  SCV  
  43  4:24  SCV, Siege Tank  
  45  4:30  Combat Shields  
  48  4:31  SCV  
  48  4:36  SCV  
  48  4:37  Marine  
  51  4:38  Marine  
  51  4:43  SCV  
  53  4:49  Orbital Command  
  53  4:55  Marauder  
  53  4:56  Marauder  
  53  4:58  Supply Depot  
  57  5:16  Marine, Marauder  
  57  5:17  Engineering Bay  
  57  5:20  Marauder  
  62  5:25  Command Center  
  62  5:35  Barracks Reactor  
  62  5:38  Marauder  
  64  5:43  Terran Infantry Weapons Level 1  
  64  5:45  Marauder  
  64  5:46  Supply Depot  
  66  5:56  Engineering Bay  
  66  5:59  Marauder  
  66  6:01  Starport  
  67  6:08  Marauder  
  69  6:12  Supply Depot  
  69  6:14  Concussive Shells  
  69  6:19  Marine  
  69  6:21  Marine, Marauder  
  69  6:22  Terran Infantry Armor Level 1  
  73  6:29  Marauder  
  75  6:37  SCV, Medivac, Supply Depot  
  78  6:40  SCV  
  78  6:42  Marauder  
  78  6:44  SCV  
  82  6:49  SCV  
  82  6:52  SCV  
  84  7:03  Marauder x2  
  84  7:07  Medivac  
  90  7:10  Orbital Command  
  90  7:17  Command Center  
  90  7:24  Marauder  
  90  7:25  Marauder  
  90  7:27  Missile Turret  
  94  7:32  Missile Turret  
  94  7:36  Barracks  
  94  7:38  Starport Reactor  
  94  7:41  Marine  
  94  7:52  Supply Depot  
  91  8:06  Refinery  
  91  8:12  Refinery  
  90  8:14  Medivac, Marine, Marauder x2  
  96  8:25  Command Center  
  70  8:35  Marauder  
  32  9:14  SCV  
  22  9:30  Marauder  
  16  9:55  SCV x2  
  14  10:07  SCV  
  13  10:25  SCV  
Tags
 
Composition
MMM Bio
League
Silver
Matchup
PvT
Add a new tag
Caveats
  • Supply blocks, unpowered buildings, or Contaminate may cause inaccurate times.
  • Supply counts are checked every 10 seconds.